TOP OF THE 1ST |
Hamilton Cardinals batting - Pitching for London Majors : RHP John Trask
|
Pitching: RHP John Trask
|
|
Batting: RHB Dan Wages
|
0-0: Called Strike 0-1: Ball 1-1: Bunt missed! 1-2: Ball 2-2: Ball 3-2: Foul Ball, location: 2F 3-2: Fly out, F8 (Line Drive, 8RS, EV 90.6 MPH)
|
Batting: LHB Rafael Banda
|
0-0: Ball 1-0: Swinging Strike 1-1: Foul Ball, location: 2F 1-2: Foul Ball, location: 2F 1-2: Ball 2-2: Ball 3-2: SOLO HOME RUN (Flyball, 9D, EV 96.9 MPH), Distance : 393 ft
|
Batting: RHB Kyle Franken
|
0-0: Called Strike 0-1: Called Strike 0-2: Foul Ball, location: 2F 0-2: Strikes out swinging
|
Batting: SHB Kelly Brooks
|
0-0: Ball 1-0: Foul Ball, location: 2F 1-1: Ball 2-1: Ball 3-1: Foul Ball, location: 2F 3-2: Foul Ball, location: 2F 3-2: Strikes out swinging
|
Top of the 1st over - 1 run, 1 hit, 0 errors, 0 left on base; Hamilton 1 - London 0 |
BOTTOM OF THE 1ST |
London Majors batting - Pitching for Hamilton Cardinals : LHP J.T. Ready
|
Pitching: LHP J.T. Ready
|
|
Batting: SHB Steve Ramsey
|
0-0: Swinging Strike 0-1: Called Strike 0-2: Strikes out swinging
|
Batting: RHB Cormackle Poohdatoot
|
0-0: Ball 1-0: Foul Ball, location: 2F 1-1: Foul Ball, location: 2F 1-2: Strikes out looking and he ARGUES THE CALL AND IS TOSSED!
|
Batting: SHB Toby Patenaude
|
0-0: Ball 1-0: Ball 2-0: SINGLE (Line Drive, 56D, EV 103.8 MPH)
|
Batting: RHB Chad Colyer
|
0-0: Foul Ball, location: 2F 0-1: Called Strike Toby Patenaude is caught stealing 2nd base 2-4
|
Bottom of the 1st over - 0 runs, 1 hit, 0 errors, 0 left on base; Hamilton 1 - London 0 |
TOP OF THE 2ND |
Hamilton Cardinals batting - Pitching for London Majors : RHP John Trask
|
Now at 1B: Joy-shan Li
|
|
Batting: LHB Doug Nebel
|
0-0: Called Strike 0-1: Ball 1-1: Foul Ball, location: 2F 1-2: Strikes out swinging
|
Batting: RHB Oscar Higareda
|
0-0: Ball 1-0: Ball 2-0: Called Strike 2-1: Foul Ball, location: 2F 2-2: Ball 3-2: Foul Ball, location: 2F 3-2: Strikes out swinging
|
Batting: SHB J.T. Ready
|
0-0: Ball 1-0: Ball 2-0: DOUBLE (Line Drive, 89D, EV 103.1 MPH)
|
Batting: SHB Brad Meyer
|
0-0: Ball 1-0: Fly out, F9 (Line Drive, 9S, EV 104.4 MPH)
|
Top of the 2nd over - 0 runs, 1 hit, 0 errors, 1 left on base; Hamilton 1 - London 0 |
BOTTOM OF THE 2ND |
London Majors batting - Pitching for Hamilton Cardinals : LHP J.T. Ready
|
Batting: RHB Chad Colyer
|
0-0: Ball 1-0: Ball 2-0: Ball 3-0: Called Strike 3-1: DOUBLE (Flyball, 89XD, EV 99.4 MPH)
|
Batting: RHB Cedric Nicholls
|
0-0: Fly out, F7 (Flyball, 7S, EV 77.5 MPH)
|
Batting: RHB Tom Bergman
|
0-0: Ball 1-0: Called Strike 1-1: Foul Ball, location: 2F 1-2: Fly out, F3 (Line Drive, 3L, EV 74.4 MPH)
|
Batting: RHB Carlos Bravo
|
0-0: Ball 1-0: Called Strike 1-1: Foul Ball, location: 2F 1-2: Ball 2-2: Strikes out swinging
|
Bottom of the 2nd over - 0 runs, 1 hit, 0 errors, 1 left on base; Hamilton 1 - London 0 |
TOP OF THE 3RD |
Hamilton Cardinals batting - Pitching for London Majors : RHP John Trask
|
Batting: SHB Felipe Campanella
|
0-0: Swinging Strike 0-1: Ball 1-1: Ball 2-1: Ball 3-1: Foul Ball, location: 2F 3-2: Foul Ball, location: 2F 3-2: Strikes out looking
|
Batting: RHB Dan Wages
|
0-0: Ball 1-0: Foul Ball, location: 2F 1-1: Foul Ball, location: 2F 1-2: Ball 2-2: Foul Ball, location: 2F 2-2: Ground out 5-3 (Groundball, 5, EV 84.4 MPH)
|
Batting: LHB Rafael Banda
|
0-0: Called Strike 0-1: Ball 1-1: Ball 2-1: Foul Ball, location: 2F 2-2: Foul Ball, location: 2F 2-2: DOUBLE (Line Drive, 89M, EV 93.1 MPH)
|
Batting: RHB Kyle Franken
|
0-0: Called Strike 0-1: Ball 1-1: Swinging Strike 1-2: Foul Ball, location: 2F 1-2: Ball 2-2: Ball 3-2: Base on Balls
|
Batting: SHB Kelly Brooks
|
0-0: Ball 1-0: 3-RUN HOME RUN (Flyball, 89XD, EV 104.4 MPH), Distance : 424 ft
|
Batting: LHB Doug Nebel
|
0-0: Called Strike 0-1: Foul Ball, location: 2F 0-2: Ball 1-2: Strikes out swinging
|
Top of the 3rd over - 3 runs, 2 hits, 0 errors, 0 left on base; Hamilton 4 - London 0 |
BOTTOM OF THE 3RD |
London Majors batting - Pitching for Hamilton Cardinals : LHP J.T. Ready
|
Batting: RHB Frank Pinksen
|
0-0: Ball 1-0: Ball 2-0: Swinging Strike 2-1: Swinging Strike 2-2: Strikes out swinging
|
Batting: RHB Jerry Perez
|
0-0: Ball 1-0: Called Strike 1-1: Ball 2-1: Called Strike 2-2: Strikes out swinging
|
Batting: SHB Steve Ramsey
|
0-0: Ball 1-0: Ball 2-0: Hit by Pitch
|
Batting: RHB Joy-shan Li
|
0-0: Called Strike Steve Ramsey is caught stealing 2nd base 2-4
|
Bottom of the 3rd over - 0 runs, 0 hits, 0 errors, 0 left on base; Hamilton 4 - London 0 |
TOP OF THE 4TH |
Hamilton Cardinals batting - Pitching for London Majors : RHP John Trask
|
Batting: RHB Oscar Higareda
|
0-0: Ball 1-0: Called Strike 1-1: Swinging Strike 1-2: Ball 2-2: Strikes out swinging, 2-3 out at first.
|
Batting: SHB J.T. Ready
|
0-0: Ball 1-0: Called Strike 1-1: Swinging Strike 1-2: Ball 2-2: Strikes out swinging
|
Batting: SHB Brad Meyer
|
0-0: Swinging Strike 0-1: Called Strike 0-2: Ball 1-2: Foul Ball, location: 2F 1-2: Ball 2-2: Ball 3-2: Base on Balls
|
Batting: SHB Felipe Campanella
|
0-0: Called Strike 0-1: Ball 1-1: Called Strike 1-2: Strikes out swinging
|
Top of the 4th over - 0 runs, 0 hits, 0 errors, 1 left on base; Hamilton 4 - London 0 |
BOTTOM OF THE 4TH |
London Majors batting - Pitching for Hamilton Cardinals : LHP J.T. Ready
|
Batting: RHB Joy-shan Li
|
0-0: Ball 1-0: Called Strike 1-1: Foul Ball, location: 2F 1-2: Ball 2-2: Foul Ball, location: 2F 2-2: Strikes out swinging
|
Batting: SHB Toby Patenaude
|
0-0: Ball 1-0: Foul Ball, location: 2F 1-1: Ball 2-1: Swinging Strike 2-2: Strikes out swinging
|
Batting: RHB Chad Colyer
|
0-0: Foul Ball, location: 2F 0-1: Ball 1-1: Ball 2-1: Ball 3-1: Base on Balls
|
Batting: RHB Cedric Nicholls
|
0-0: Ball 1-0: Swinging Strike 1-1: 2-RUN HOME RUN (Flyball, 7D, EV 100.0 MPH), Distance : 397 ft
|
Batting: RHB Tom Bergman
|
0-0: Fly out, F7 (Line Drive, 7D, EV 98.1 MPH)
|
Bottom of the 4th over - 2 runs, 1 hit, 0 errors, 0 left on base; Hamilton 4 - London 2 |
TOP OF THE 5TH |
Hamilton Cardinals batting - Pitching for London Majors : RHP John Trask
|
Batting: RHB Dan Wages
|
0-0: Called Strike 0-1: Ball 1-1: Fly out, F8 (Line Drive, 8RD, EV 99.4 MPH)
|
Batting: LHB Rafael Banda
|
0-0: Ball 1-0: Ball 2-0: Called Strike 2-1: Foul Ball, location: 2F 2-2: Foul Ball, location: 2F 2-2: Fly out, F8 (Flyball, 8LD, EV 105.0 MPH)
|
Batting: RHB Kyle Franken
|
0-0: Called Strike 0-1: Ball 1-1: Ball 2-1: Fly out, F8 (Flyball, 78D, EV 89.4 MPH)
|
Top of the 5th over - 0 runs, 0 hits, 0 errors, 0 left on base; Hamilton 4 - London 2 |
BOTTOM OF THE 5TH |
London Majors batting - Pitching for Hamilton Cardinals : LHP J.T. Ready
|
Batting: RHB Carlos Bravo
|
0-0: Ball 1-0: Ball 2-0: Ball 3-0: Called Strike 3-1: Foul Ball, location: 2F 3-2: Ground out 6-3 (Groundball, 6, EV 81.2 MPH)
|
Batting: RHB Frank Pinksen
|
0-0: Swinging Strike 0-1: Ground out 5-3 (Groundball, 56, EV 111.2 MPH)
|
Batting: RHB Jerry Perez
|
0-0: Ball 1-0: Called Strike 1-1: Ball 2-1: Ground out 3-1 (Groundball, 34, EV 88.1 MPH)
|
Bottom of the 5th over - 0 runs, 0 hits, 0 errors, 0 left on base; Hamilton 4 - London 2 |
TOP OF THE 6TH |
Hamilton Cardinals batting - Pitching for London Majors : RHP John Trask
|
Pitching: RHP Josh Nelson
|
|
Batting: SHB Kelly Brooks
|
0-0: Called Strike 0-1: Foul Ball, location: 2F 0-2: Ball 1-2: SINGLE (Groundball, 4MD, EV 94.4 MPH)
|
Batting: LHB Doug Nebel
|
0-0: Called Strike 0-1: Ball 1-1: Called Strike 1-2: Ball 2-2: Foul Ball, location: 2F 2-2: Fly out, F8 (Flyball, 89M, EV 86.9 MPH)
|
Batting: RHB Oscar Higareda
|
0-0: Ball 1-0: Fly out, F7 (Flyball, 7, EV 92.5 MPH)
|
Batting: SHB J.T. Ready
|
0-0: Called Strike 0-1: Called Strike 0-2: Ball 1-2: Foul Ball, location: 2F 1-2: Ball Kelly Brooks steals 2nd base 2-2: Strikes out swinging
|
Top of the 6th over - 0 runs, 1 hit, 0 errors, 1 left on base; Hamilton 4 - London 2 |
BOTTOM OF THE 6TH |
London Majors batting - Pitching for Hamilton Cardinals : LHP J.T. Ready
|
Batting: SHB Steve Ramsey
|
0-0: Foul Ball, location: 2F 0-1: SINGLE (Line Drive, 9S, EV 100.0 MPH)
|
Batting: RHB Joy-shan Li
|
0-0: Called Strike 0-1: Ball 1-1: Ball 2-1: Swinging Strike 2-2: Strikes out swinging
|
Pitching: RHP Daniel Boulter
|
|
Batting: SHB Toby Patenaude
|
0-0: Ball Steve Ramsey is caught stealing 2nd base 2-6 1-0: Ball 2-0: Called Strike 2-1: Swinging Strike 2-2: Ball 3-2: Foul Ball, location: 2F 3-2: Base on Balls
|
Batting: RHB Chad Colyer
|
0-0: Called Strike 0-1: Ball 1-1: Ground out 4-3 (Groundball, 4, EV 85.6 MPH)
|
Bottom of the 6th over - 0 runs, 1 hit, 0 errors, 1 left on base; Hamilton 4 - London 2 |
TOP OF THE 7TH |
Hamilton Cardinals batting - Pitching for London Majors : RHP Josh Nelson
|
Batting: SHB Brad Meyer
|
0-0: Ball 1-0: Foul Ball, location: 2F 1-1: Ball 2-1: Foul Ball, location: 2F 2-2: Strikes out swinging
|
Pitching: RHP Justin Rubino
|
|
Batting: SHB Felipe Campanella
|
0-0: Ball 1-0: Ball 2-0: Ground out 4-3 (Groundball, 4M, EV 88.1 MPH)
|
Batting: RHB Dan Wages
|
0-0: Foul Ball, location: 2F 0-1: Fly out, F4 (Popup, 23, EV 91.2 MPH)
|
Top of the 7th over - 0 runs, 0 hits, 0 errors, 0 left on base; Hamilton 4 - London 2 |
BOTTOM OF THE 7TH |
London Majors batting - Pitching for Hamilton Cardinals : RHP Daniel Boulter
|
Pinch Hitting: SHB Mike Fermin
|
0-0: Ball 1-0: Called Strike 1-1: Swinging Strike 1-2: Ball 2-2: Ball 3-2: SINGLE (Flyball, 56D, EV 86.2 MPH)
|
Pinch Hitting: RHB Carlos Murillo
|
0-0: Ball 1-0: Fly out, F8 (Flyball, 8LD, EV 103.8 MPH)
|
Batting: RHB Carlos Bravo
|
0-0: Ball 1-0: Called Strike Mike Fermin steals 2nd base 1-1: Ball 2-1: Ground out 4-3 (Groundball, 34, EV 110.0 MPH) Mike Fermin to third
|
Batting: RHB Frank Pinksen
|
0-0: Ground out 5-3 (Groundball, 56, EV 86.9 MPH)
|
Bottom of the 7th over - 0 runs, 1 hit, 0 errors, 1 left on base; Hamilton 4 - London 2 |
TOP OF THE 8TH |
Hamilton Cardinals batting - Pitching for London Majors : RHP Justin Rubino
|
Pitching: LHP Kenny Russell
|
|
Now at SS: Carlos Murillo
|
|
Now in LF: Edwin Esparza
|
|
Batting: LHB Rafael Banda
|
0-0: Called Strike 0-1: Foul Ball, location: 2F 0-2: Ball 1-2: Strikes out swinging
|
Pitching: RHP Chris Mansfield
|
|
Batting: RHB Kyle Franken
|
0-0: Ball 1-0: Ball 2-0: Foul Ball, location: 2F 2-1: Called Strike 2-2: Ball 3-2: Fly out, F3 (Popup, 3S, EV 76.9 MPH)
|
Batting: SHB Kelly Brooks
|
0-0: Ball 1-0: Fly out, F9 (Flyball, 89M, EV 83.8 MPH)
|
Top of the 8th over - 0 runs, 0 hits, 0 errors, 0 left on base; Hamilton 4 - London 2 |
BOTTOM OF THE 8TH |
London Majors batting - Pitching for Hamilton Cardinals : RHP Daniel Boulter
|
Pinch Hitting: RHB Mike Vaughan
|
0-0: Ball 1-0: Ball 2-0: Ball 3-0: Called Strike 3-1: Foul Ball, location: 2F 3-2: Base on Balls
|
Batting: SHB Steve Ramsey
|
0-0: Foul Ball, location: 2F 0-1: Ball 1-1: Ball 2-1: Ball 3-1: Called Strike 3-2: Strikes out looking
|
Pinch Hitting: SHB Joe Loveless
|
0-0: Swinging Strike 0-1: Foul Ball, location: 2F 0-2: Ball 1-2: Strikes out swinging
|
Batting: SHB Toby Patenaude
|
0-0: Ball 1-0: Ball 2-0: Called Strike 2-1: Called Strike 2-2: Ball 3-2: Base on Balls Mike Vaughan to second
|
Batting: RHB Chad Colyer
|
0-0: Foul Ball, location: 2F 0-1: Foul Ball, location: 2F 0-2: Foul Ball, location: 2F 0-2: Foul Ball, location: 2F 0-2: Strikes out swinging
|
Bottom of the 8th over - 0 runs, 0 hits, 0 errors, 2 left on base; Hamilton 4 - London 2 |
TOP OF THE 9TH |
Hamilton Cardinals batting - Pitching for London Majors : RHP Chris Mansfield
|
Pitching: LHP Jim Sabin
|
|
Now at 1B: Joe Loveless
|
|
Now at 2B: Mike Vaughan
|
|
Now at 3B: Carlos Murillo
|
|
Now at SS: Toby Patenaude
|
|
Pinch Hitting: RHB Sal Guzman
|
0-0: Fly out, F8 (Flyball, 8RM, EV 95.6 MPH)
|
Batting: RHB Oscar Higareda
|
0-0: Foul Ball, location: 2F 0-1: Foul Ball, location: 2F 0-2: Strikes out swinging
|
Batting: SHB J.T. Ready
|
0-0: Ball 1-0: Called Strike 1-1: Swinging Strike 1-2: Fly out, F9 (Line Drive, 89M, EV 98.8 MPH)
|
Top of the 9th over - 0 runs, 0 hits, 0 errors, 0 left on base; Hamilton 4 - London 2 |
BOTTOM OF THE 9TH |
London Majors batting - Pitching for Hamilton Cardinals : RHP Daniel Boulter
|
Pitching: LHP Craig Soole
|
|
Now in LF: Diego Herrera
|
|
Pinch Hitting: RHB Brandon Williams
|
0-0: Foul Ball, location: 2F 0-1: Ball 1-1: Swinging Strike 1-2: SINGLE (Groundball, 4D, EV 96.2 MPH)
|
Batting: RHB Carlos Murillo
|
0-0: Fly out, F6 (Line Drive, 6, EV 65.0 MPH)
|
Batting: RHB Carlos Bravo
|
0-0: Reached on error, E6 (Groundball, 6, EV 93.1 MPH) Brandon Williams to second
|
Pinch Hitting: RHB Mel Bohorquez
|
0-0: Foul Ball, location: 2F 0-1: Foul Ball, location: 2F 0-2: Ball 1-2: Strikes out swinging
|
Batting: RHB Mike Vaughan
|
0-0: Called Strike 0-1: Swinging Strike 0-2: Strikes out swinging
|
Bottom of the 9th over - 0 runs, 1 hit, 1 error, 2 left on base; Hamilton 4 - London 2 |
|